 Dungeon Crawl Stone Soup version 0.30.0 (webtiles) character file.

Game seed: 2524423393467958357

667 EnegeticOcto the Digger (level 8, -1/91 HPs)
             Began as a Meteoran Earth Elementalist on May 6, 2023.
             Was an Initiate of Cheibriados.
             Slain by a water moccasin (2 damage)
             ... on level 6 of the Dungeon.
             The game lasted 00:09:05 (922 turns).

EnegeticOcto the Digger (MeEE)                       Turns: 922, Time: 00:09:06

Health: -1/91      AC:  3    Str: 11    XL:     8   Next: 12%
Magic:  13/19      EV: 12    Int: 19    God:    Cheibriados [......]
Gold:   189        SH:  0    Dex: 16    Spells: 10/21 levels left

rFire   . . .        c - +0 trident
rCold   . . .        (no shield)
rNeg    . . .        a - +0 robe
rPois   .            (no helmet)
rElec   .            n - +0 cloak
rCorr   .            (no gloves)
SInv    .            (no boots)
Will    +....        i - amulet of reflection Stlth
                     (no ring)
HPRegen 0.35/turn    (no ring)
MPRegen 0.16/turn

%: reflection
@: confused, brilliant, berserking, lethally poisoned (-1 -> -14), attractive,
glowing, very slow
A: sense surroundings 1, otherworldly, glowing, explore regen
a: Renounce Religion


You were on level 6 of the Dungeon.
You worshipped Cheibriados.
Cheibriados was noncommittal.
You visited 1 branch of the dungeon, and saw 6 of its levels.
You also visited: Sewer.

You collected 189 gold pieces.

Inventory:

Hand Weapons
 c - a +0 trident (weapon)
   (You found it on level 1 of the Dungeon)
Missiles
 m - 3 atropa-tipped darts
 o - 3 curare-tipped darts (quivered)
 s - a throwing net {!f}
Armour
 a - a +0 robe (worn)
 n - a +0 cloak (worn)
   (You found it on level 3 of the Dungeon)
Jewellery
 i - an amulet of reflection (around neck)
   (You found it on level 2 of the Dungeon)
Scrolls
 h - a scroll of amnesia
Potions
 j - a potion of lignification {unknown}
 l - a potion of cancellation


   Skills:
 - Level 2.0 Fighting
 - Level 2.4 Dodging
 - Level 1.4 Stealth
 - Level 7.0 Spellcasting
 - Level 2.0 Conjurations
 - Level 1.2 Transmutations
 + Level 7.2 Earth Magic


You had 10 spell levels left.
You knew the following spells:

 Your Spells              Type           Power      Damage    Failure   Level
a - Sandblast             Erth           100%       2d20      1%          1
b - Stone Arrow           Conj/Erth      72%        3d11      4%          3
p - Passwall              Tmut/Erth      28%        N/A       2%          2
M - Borgnjor's Vile Clut  Necr/Erth      15%        N/A       54%         5

Your spell library contained the following spells:

 Spells                   Type           Power      Damage    Failure   Level
 Petrify                  Tmut/Erth      34%        N/A       19%         4
 Leda's Liquefaction      Hex/Erth       15%        N/A       22%         4
 Call Canine Familiar     Summ           9%         N/A       30%         3
 Portal Projectile        Hex/Tloc       18%        N/A       30%         3
 Alistair's Intoxication  Tmut/Pois      8%         N/A       91%         5
 Eringya's Noxious Bog    Tmut/Pois      6%         N/A       100%        6


Dungeon Overview and Level Annotations

Branches:
Dungeon (6/15) Zot: 4010   Temple (0/1) D:6           Sewer (visited)

Altars:
Cheibriados


Innate Abilities, Weirdness & Mutations

You passively map a small area around you.
You are easily found by Zot.
You glow in the dark.
You regain HP and MP as you explore.


Message History

It was a potion of attraction.
You feel attractive to monsters.
The orc wizard hits you with a +0 dagger.
* * * LOW HITPOINT WARNING * * *
You block the orc's attack.
The water moccasin completely misses you.
The orc hits you with a +0 hand axe.
* * * LOW HITPOINT WARNING * * *
The orc hits you with a +0 short sword.
* * * LOW HITPOINT WARNING * * *
It was a potion of heal wounds.
You feel much better. The water moccasin bites you!
* * * LOW HITPOINT WARNING * * *
The orc wizard casts a spell at you. The magic dart hits you.
* * * LOW HITPOINT WARNING * * *
An orc comes into view. It is wielding a +0 club.
The orc closely misses you. You block the orc's attack.
The orc barely misses you. The orc is attracted toward you.
Really quaff
f - a potion of heal wounds {@q2 !q}?
You feel much better. The water moccasin bites you.
The orc wizard hits you but does no damage.
The orc hits you with a +0 short sword. The orc barely misses you. x2
The water moccasin bites you!
You are poisoned.
The water moccasin poisons you! The orc is attracted toward you.
Okay, then.
Really quaff
k - a potion of curing {@q1 !q}?
You feel better. You block the water moccasin's attack.
You block the orc wizard's attack. The orc hits you with a +0 club.
The orc closely misses you. The orc hits you with a +0 hand axe.
The orc completely misses you.
Casting: Stone Arrow (dangerous; 4% risk of failure)
Confirm with . or Enter, or press ? or * to list all spells.
Aiming: Sandblast (safe; 1% risk of failure)
Press: ? - help, Shift-Dir - straight line, f - orc
Aim: an orc, wielding a +0 hand axe (weak-willed, 84% to hit)
Okay, then.
Magic courses through your body. The water moccasin bites you.
You are poisoned.
The water moccasin poisons you!
The orc wizard hits you but does no damage.
You block the orc's attack. The orc barely misses you. x2
The orc hits you with a +0 hand axe. You block the water moccasin's attack.
Casting: Sandblast (safe; 1% risk of failure)
Confirm with . or Enter, or press ? or * to list all spells.
Aiming: Stone Arrow (dangerous; 4% risk of failure)
Press: ? - help, Shift-Dir - straight line, f - orc
Aim: an orc, wielding a +0 hand axe (weak-willed, 71% to hit)
The stone arrow hits the orc!!
You kill the orc!
Cheibriados appreciates the change of pace.
You feel sick. You block the orc's attack.
The water moccasin bites you but does no damage.
The orc wizard hits you with a +0 dagger.
* * * LOW HITPOINT WARNING * * *
The orc misses you. The orc closely misses you.
Casting: Stone Arrow (dangerous; 4% risk of failure)
Confirm with . or Enter, or press ? or * to list all spells.
Aiming: Stone Arrow (dangerous; 4% risk of failure)
Press: ? - help, Shift-Dir - straight line, f - orc
Aim: an orc, wielding a +0 hand axe (weak-willed, 71% to hit)
The stone arrow hits the orc!!
You kill the orc!
Cheibriados appreciates the change of pace.
You feel sick. The water moccasin barely misses you.
The orc wizard gestures at you while chanting.
You are confused.
The orc barely misses you. The orc closely misses you.
You're too confused to cast spells.
Unknown command.
It was a potion of brilliance.
You feel clever all of a sudden.
You feel sick. The water moccasin bites you.
* * * LOW HITPOINT WARNING * * *
You are lethally poisoned!
The water moccasin poisons you! The orc hits you but does no damage.
The orc wizard hits you with a +0 dagger.
* * * LOW HITPOINT WARNING * * *
The orc hits you with a +0 short sword.
* * * LOW HITPOINT WARNING * * *
The water moccasin barely misses you.
It was a potion of berserk rage.
A red film seems to cover your vision as you go berserk!
Cheibriados protects you from inadvertent hurry.
You feel mighty!
* * * LOW HITPOINT WARNING * * *
You feel very sick.
The water moccasin bites you but does no damage.
The orc wizard hits you with a +0 dagger.
* * * LOW HITPOINT WARNING * * *
The orc hits you with a +0 club.
* * * LOW HITPOINT WARNING * * *
The orc barely misses you.
You're too confused to move!
You feel a strong urge to attack something.
* * * LOW HITPOINT WARNING * * *
You feel very sick. The water moccasin bites you.
You die...

, , * , ... ..., , ..... .... .>#
.. .... , ....###.#,* .... ...
.#. .....#..#####.#.. ..###...
............... ......#
##:..O.......# .# ......##
##...oSo......##.#
.......#*##....)@o.........#
.......#.......))...........
..........#..............#.. *
......... ##............###...*
.....#.. .........<.....#.... *
.....### .........#...#####...
.......##.......####...#.##...* #
........#.....######.#...#....###
..............#.#....###.# #....


You could see a water moccasin (weak-willed), an ogre (weak-willed), an orc
wizard (weak-willed) and 2 orcs.

Vanquished Creatures
  A water moccasin (D:6)
  An orc warrior (D:6)
  A black bear (D:6)
  An ogre (D:6)
  An orc priest (D:6)
  A hound (D:6)
  3 iguanas
  5 gnolls
  3 adders
  15 orcs
  2 ball pythons
  5 bats
  An endoplasm (D:3)
  A giant cockroach (D:3)
  8 goblins
  6 hobgoblins (D:4)
  2 jackals (D:3)
  3 quokkas
  A frilled lizard (D:2)
  A kobold (D:2)
  3 rats
65 creatures vanquished.

Vanquished Creatures (others)
  A fungus (D:1)
1 creature vanquished.

Grand Total: 66 creatures vanquished

Notes
Turn   | Place    | Note
-------+----------+-------------------------------------------
     0 | D:1      | EnegeticOcto the Meteoran Earth Elementalist began the
                  | quest for the Orb.
     0 | D:1      | Reached XP level 1. HP: 14/14 MP: 5/5
    78 | D:1      | Reached skill level 3 in Spellcasting
   115 | D:1      | Reached XP level 2. HP: 18/20 MP: 5/7
   128 | D:2      | Identified the +12 plate armour of Day {*Slow +Inv Int+5
                  | Stlth+}
   182 | D:2      | Reached skill level 4 in Spellcasting
   182 | D:2      | Reached XP level 3. HP: 26/26 MP: 5/9
   186 | D:2      | Learned a level 3 spell: Stone Arrow
   189 | D:2      | Learned a level 2 spell: Passwall
   307 | D:3      | Reached XP level 4. HP: 33/33 MP: 8/11
   313 | D:3      | Reached skill level 1 in Conjurations
   326 | D:3      | Reached skill level 5 in Spellcasting
   328 | D:3      | Reached skill level 4 in Earth Magic
   417 | D:3      | Found a glowing drain.
   421 | Sewer    | Entered a sewer
   480 | D:3      | Reached XP level 5. HP: 37/38 MP: 10/13
   596 | D:4      | Reached skill level 2 in Conjurations
   650 | D:5      | Entered Level 5 of the Dungeon
   689 | D:5      | Found a snail-covered altar of Cheibriados.
   694 | D:5      | Became a worshipper of Cheibriados the Contemplative
   706 | D:5      | Learned a level 5 spell: Borgnjor's Vile Clutch
   710 | D:5      | Reached skill level 5 in Earth Magic
   710 | D:5      | Reached XP level 6. HP: 46/46 MP: 9/14
   728 | D:6      | Reached skill level 1 in Fighting
   820 | D:6      | Found a staircase to the Ecumenical Temple.
   823 | D:6      | Reached skill level 2 in Fighting
   841 | D:6      | Noticed a black bear
   845 | D:6      | Killed a black bear
   846 | D:6      | Reached skill level 6 in Spellcasting
   846 | D:6      | Reached skill level 6 in Earth Magic
   846 | D:6      | Reached XP level 7. HP: 55/55 MP: 6/17
   862 | D:6      | Noticed a water moccasin
   870 | D:6      | Killed a water moccasin
   902 | D:6      | Noticed a water moccasin
   909 | D:6      | Reached skill level 7 in Spellcasting
   909 | D:6      | Reached skill level 7 in Earth Magic
   909 | D:6      | Reached XP level 8. HP: 32/61 MP: 1/19
   921 | D:6      | HP: 4/91 [orc/+0 club (1)]
   922 | D:6      | HP: 1/91 [poisoned by a water moccasin]
   922 | D:6      | Slain by a water moccasin

Illustrated notes

Levels and vault maps discovered:
D:1:      minmay_arrival_semitransparent, layout_basic,
          dreamdust_ecumenical_altar_hidden_monk_grotto,
          minmay_misc_feat_encased
D:2:      minmay_door_path, layout_loops_ring
D:3:      layout_rooms, nzn_hepliaklqana_mist_gate, gup_sewer_entry_bowl,
          uniq_natasha
D:4:      cheibrodos_greedy_goblins, layout_layer_cave,
          amethyst_overflow_temple_binary
D:5:      layout_basic, kennysheep_little_box, gammafunk_ghost_abyssal_escape,
          roderic_st_hans_cross
D:6:      layout_cave_pools, minmay_temple_entry_tees

Skill      XL: |  1  2  3  4  5  6  7 |
---------------+----------------------+-----
Spellcasting   | 3 4 5 6 7 |  7.0
Conjurations   | 1 2 |  2.0
Earth Magic    | 4 5 6 7 |  7.2
Fighting       | 2 |  2.0
Dodging        | |  2.4
Stealth        | |  1.4
Transmutations | |  1.2

Action                     |  1- 3 |  4- 6 |  7- 9 || total
---------------------------+-------+-------+-------++-------
  Melee: Trident           |       |     4 |     3 ||     7
  Throw: Dart              |       |       |     1 ||     1
   Cast: Sandblast         |    29 |    75 |     4 ||   108
         Passwall          |     2 |     1 |       ||     3
         Stone Arrow       |       |    12 |    11 ||    23
    Use: Scroll            |       |     3 |     2 ||     5
         Potion            |       |       |     9 ||     9
 Armour: Robe              |     1 |    11 |     5 ||    17
  Dodge: Dodged            |     3 |    28 |    28 ||    59
  Block: Other             |     2 |    21 |    10 ||    33
